 Dungeon Crawl Stone Soup version 0.30-a0-393-g54b8e3be05 (webtiles) character file.

Game seed: 8251868787571357824

58 NinjaNoafa the Insei (level 4, 0/30 HPs)
             Began as an Octopode Transmuter on Dec 5, 2022.
             Slain by a gnoll
             ... wielding a +1 halberd of flaming
              (1 damage)
             ... on level 2 of the Dungeon on Dec 6, 2022.
             The game lasted 00:03:18 (1347 turns).

NinjaNoafa the Insei (Octopode Transmuter)          Turns: 1347, Time: 00:03:19

Health: 0/30       AC:  1    Str:  9    XL:     4   Next: 1%
Magic:  4/7        EV: 13    Int: 17    God:
Gold:   92         SH:  0    Dex: 12    Spells: 4/7 levels left

rFire   . . .      SeeInvis .      - Unarmed
rCold   . . .      Faith    .    (no shield)
rNeg    . . .      Spirit   .    (helmet currently unavailable)
rPois   .          Reflect  .    (no amulet)
rElec   .          Harm     .    (no ring)
rCorr   .          Rampage  .    (no ring)
Will    .....                    (no ring)
Stlth   ++........               (no ring)
HPRegen 0.25/turn                (no ring)
MPRegen 0.10/turn                (no ring)
                                 (no ring)
                                 (no ring)

@: appendages (expiring), wereblooded
A: tentacle spike 3, almost no armour, amphibious, 8 rings, camouflage 1,
gelatinous body 1, (nimble swimmer 1), tentacles
a: End Transformation


You were on level 2 of the Dungeon.
One of your tentacles had grown a beastly spike.
You visited 1 branch of the dungeon, and saw 2 of its levels.

You collected 92 gold pieces.

Inventory:

Missiles
 c - 7 poisoned darts
 d - 13 stones
Scrolls
 b - a scroll of summoning {unknown}
 e - a scroll of noise {unknown}
 g - a scroll of fear {unknown}
 h - a scroll of immolation {unknown}
 j - a scroll of identify {unknown}
Potions
 a - a potion of lignification
 f - a potion of magic {unknown}
 i - 3 potions of curing {unknown}


   Skills:
 + Level 2.6 Fighting
 + Level 3.0 Dodging
 + Level 3.0 Unarmed Combat
 + Level 2.0 Spellcasting
 * Level 2.1 Transmutations


You had 4 spell levels left.
You knew the following spells:

 Your Spells              Type           Power      Damage    Failure   Level
a - Beastly Appendage     Tmut           16%        N/A       9%          1
b - Wereblood             Tmut           8%         N/A       12%         2

Your spell library contained the following spells:

 Spells                   Type           Power      Damage    Failure   Level
 Spider Form              Tmut/Pois      5%         N/A       36%         3
 Ice Form                 Ice/Tmut       5%         N/A       77%         4


Dungeon Overview and Level Annotations

Branches:
Dungeon (2/15)

Altars:

Shops:
D:1 (


Innate Abilities, Weirdness & Mutations

One of your tentacles has grown a beastly spike.
You cannot wear most types of armour.
You are amphibious.
You can wear up to eight rings at the same time.
Your skin changes colour to match your surroundings (Stealth+).
Your rubbery body absorbs attacks. (AC +1, EV +1)
((You are camouflaged when in or above water. (Stealth+)))
You have tentacles for arms and can constrict up to eight enemies at once.


Message History

Your transformation is almost over.
The hobgoblin barely misses you.
You tentacle-slap the hobgoblin. You grab the hobgoblin.
You pierce the hobgoblin.
The hobgoblin is severely wounded.
You constrict the hobgoblin. The hobgoblin hits you.
You barely miss the hobgoblin.
You pierce the hobgoblin.
You kill the hobgoblin!
You have reached level 4!
Your tentacle spike disappears.
HP restored.
You open the door.
Found a ring mail.
You see here a +0 ring mail.
i - 3 lumpy amethyst potions (gained 1)
You open the door.
There is an open door here.
There is an open door here.
Key pressed, stopping explore.
A gnoll comes into view. It is wielding a +1 halberd of flaming.
The gnoll shouts! x2
The gnoll throws a stone.
The stone hits you.
Casting: Beastly Appendage (safe; 9% risk of failure)
Confirm with . or Enter, or press ? or * to list all spells.
Your blood is infused with primal strength.
Casting: Wereblood (safe; 12% risk of failure)
Confirm with . or Enter, or press ? or * to list all spells.
One of your tentacles grows a vicious spike.
The gnoll hits you from afar with a +0 spear!
Your transformation is almost over.
The gnoll hits you with a +0 spear! The gnoll misses you.
You tentacle-slap the gnoll. You grab the gnoll.
You pierce the gnoll, but do no damage.
The gnoll is moderately wounded.
You constrict the gnoll, but do no damage.
The gnoll hits you with a +0 spear.
The gnoll hits you from afar with a +1 halberd of flaming!
* * * LOW HITPOINT WARNING * * *
The gnoll burns you.
You die...

####### ......# ######### ......#
## #.......# ..[...# ...
#.......# ### ......# ....
#.......# #.. ......# .....
#.......# #.. ......#
......###.......# #.. .....)#
.....gg@...###### ###
..###########'#####.#############
#...............................>
#############.#.#######.......##.
########.#...# ###'#####.##.
.......)).##.# #.....# #.##+
..........##.# #†....###.#..
..........##.# #............
..........##.###....####.#..


You could see 2 gnolls.

Vanquished Creatures
  2 adders (D:2)
  A worm (D:2)
  A ball python (D:2)
  2 bats (D:1)
  3 endoplasms
  3 giant cockroaches
  3 goblins
  6 hobgoblins
  A quokka (D:2)
  4 frilled lizards
  5 kobolds
  3 rats (D:1)
34 creatures vanquished.

Notes
Turn   | Place    | Note
-------+----------+-------------------------------------------
     0 | D:1      | NinjaNoafa the Octopode Transmuter began the quest for the
                  | Orb.
     0 | D:1      | Reached XP level 1. HP: 13/13 MP: 3/3
    68 | D:1      | Reached XP level 2. HP: 13/18 MP: 3/5
   345 | D:1      | Found Kiluetug's Weapon Shoppe.
   604 | D:2      | Reached XP level 3. HP: 10/24 MP: 4/6
  1220 | D:2      | Learned a level 2 spell: Wereblood
  1289 | D:2      | Reached XP level 4. HP: 25/30 MP: 5/7
  1347 | D:2      | HP: 1/30 [gnoll/+1 halberd of flaming (9)]
  1347 | D:2      | Slain by a gnoll

Illustrated notes

Levels and vault maps discovered:
D:1:      dpeg_arrival_stonehenge_12_columns, layout_basic, serial_shops, shop
D:2:      layout_basic

Skill      XL: |  1  2  3 |
---------------+----------+-----
Fighting       | 2 |  2.6
Dodging        | 3 |  3.0
Unarmed Combat | |  3.0
Spellcasting   | |  2.0
Transmutations | |  2.1

Action                   |  1- 3 |  4- 6 || total
-------------------------+-------+-------++-------
Melee: Unarmed           |    71 |     1 ||    72
       Constrict         |    24 |     1 ||    25
       Kick              |    15 |     1 ||    16
       Tentacles         |    16 |       ||    16
       Punch             |     3 |       ||     3
 Cast: Beastly Appendage |    18 |     1 ||    19
       Wereblood         |       |     1 ||     1
 Stab: Sleeping          |     4 |       ||     4
Armor: Skin              |     3 |       ||     3
Dodge: Dodged            |    49 |     1 ||    50

Table legend: (Time is in decaauts)
 A = Elapsed time spent in this place.
 B = Non-inter-level travel time spent in this place.
 C = Inter-level travel time spent in this place.
 D = Time resting spent in this place.
 E = Time spent auto-exploring this place.
 F = Levels seen in this place.
 G = Mean time per level.
                   A        B        C        D        E       F      G
               +--------+--------+--------+--------+--------+-----+--------+
         Total |   1342 |   1215 |    127 |     59 |    861 |   2 |  671.0 |
       Dungeon |   1342 |   1215 |    127 |     59 |    861 |   2 |  671.0 |
               +--------+--------+--------+--------+--------+-----+--------+

Top non-repeatable levels by time:
     D:1: 717 daAuts
     D:2: 624 daAuts
